 Dungeon Crawl Stone Soup version 0.30-a0-1094-g860fb061e7 (webtiles) character file.

Game seed: 6541134419476550239

5281 NateTC the Protected (level 10, -5/64 HPs)
             Began as a Gargoyle Fighter on Apr 17, 2023.
             Was an Elder of Okawaru.
             Slain by Grum
             ... wielding a +1 halberd
              (7 damage)
             ... on level 8 of the Dungeon on Apr 18, 2023.
             The game lasted 00:26:18 (9332 turns).

NateTC the Protected (Gargoyle Fighter)             Turns: 9332, Time: 00:26:18

Health: -5/64      AC: 25    Str: 23    XL:     10   Next: 63%
Magic:  10/10      EV:  4    Int: 10    God:    Okawaru [****..]
Gold:   214        SH: 16    Dex:  9    Spells: 9/9 levels left

rFire   + . .      SeeInvis .    m - +1 morningstar
rCold   + . .      Faith    +    j - +2 tower shield
rNeg    + . .      Spirit   .    o - +0 plate armour
rPois   ∞          Reflect  .    e - +0 helmet
rElec   +          Rampage  .    d - +1 cloak
rCorr   .                        (no gloves)
Will    .....                    (no boots) Stlth
                                 b - amulet of faith
HPRegen 0.30/turn                q - ring of protection from fire
MPRegen 0.12/turn                c - ring of protection from cold

@: attractive
A: sickness immunity, AC +7, negative energy resistance 1, electricity
resistance, torment resistance 1, petrification resistance
a: Renounce Religion, Heroism, Finesse


You were on level 8 of the Dungeon.
You worshipped Okawaru.
Okawaru was greatly pleased with you.
You visited 2 branches of the dungeon, and saw 10 of its levels.
You also visited: Sewer.

You collected 314 gold pieces.
You spent 100 gold pieces at shops.

Inventory:

Hand Weapons
 m - a +1 morningstar (weapon)
Armour
 d - a +1 cloak (worn)
 e - a +0 helmet (worn)
 j - a +2 tower shield (worn)
 o - a +0 plate armour (worn)
Jewellery
 b - an amulet of faith (around neck)
 c - a ring of protection from cold (right hand)
 q - a ring of protection from fire (left hand)
Wands
 a - a wand of roots (7)
 f - a wand of polymorph (20)
Scrolls
 k - a scroll of magic mapping {unknown}
 p - a scroll of immolation
 r - a scroll of identify
 t - 2 scrolls of fog
 u - a scroll of enchant weapon
 x - a scroll of teleportation
Potions
 g - a potion of invisibility {unknown}
 h - a potion of cancellation {unknown}
 i - 4 potions of brilliance
 l - a potion of attraction
 n - a potion of lignification {unknown}
 s - a potion of magic {unknown}
 v - 2 potions of mutation {unknown}
 w - a potion of resistance {unknown}


   Skills:
 - Level 8.2 Fighting
 + Level 8.4 Maces & Flails
 - Level 9.3 Armour
 * Level 8.6 Shields
 + Level 2.9 Evocations


You had 9 spell levels left.
You didn't know any spells.
Your spell library contained the following spells:

 Spells                   Type           Power      Damage    Failure   Level
 Apportation              Tloc           0%         N/A       100%        1
 Necrotise                Necr           0%         1d4       100%        1
 Sandblast                Erth           0%         2d4       100%        1
 Ensorcelled Hibernation  Hex/Ice        0%         N/A       100%        2
 Passwall                 Tmut/Erth      0%         N/A       100%        2
 Spider Form              Tmut/Pois      0%         N/A       100%        3
 Stone Arrow              Conj/Erth      0%         3d7       100%        3
 Anguish                  Hex/Necr       0%         N/A       100%        4
 Summon Small Mammal      Summ           Unusable   N/A       N/A         1

Dungeon Overview and Level Annotations

Branches:
Dungeon (9/15) Zot: 26122  Temple (1/1) D:5 Zot: 5874    Lair (0/5) D:8
  Sewer (visited)
    Orc: D:9-12

Altars:
Cheibriados
Dithmenos
Elyvilon
Fedhas
Hepliaklqana
Kikubaaqudgha
Makhleb
Nemelex Xobeh
Okawaru
Ru
Sif Muna
Uskayaw
Vehumet
Wu Jian
Xom
Yredelemnul
Zin
The Shining One
Lugonu

Shops:
D:2 (

Annotations:
D:2 1 runed translucent door, Crazy Yiuf
D:5 2 transporters
D:7 Maggie
D:8 Grum


Innate Abilities, Weirdness & Mutations

You are immune to sickness and miasma.
Your stone body is resilient. (AC +7)
You are immune to poison.
You resist negative energy. (rN+)
You are resistant to electric shocks. (rElec)
You are resistant to unholy torment.
You are immune to petrification.


Message History

The wolf bites you but does no damage.
Grum hits you from afar with a +1 halberd.
You block the wolf's attack.
You hit the wolf.
The wolf is moderately wounded.
You block the wolf's attack. Grum hits you but does no damage.
You block the wolf's attack. You block Grum's attack.
You miss the wolf.
The wolf is moderately wounded.
The wolf bites you but does no damage. You block the wolf's attack.
Grum hits you from afar with a +1 halberd.
* * * LOW HITPOINT WARNING * * *
You block the wolf's attack.
You hit the wolf.
The wolf is moderately wounded.
The wolf bites you but does no damage. You block Grum's attack.
You block the wolf's attack. The wolf bites you but does no damage.
Found a spear.
You see here 8 gold pieces.
You now have 214 gold pieces (gained 8).
The wolf completely misses you.
You puncture the wolf!
The wolf is heavily wounded.
The wolf bites you but does no damage. You block the wolf's attack.
The wolf attacks as you move away! You block the wolf's attack.
You hit the wolf but do no damage.
The wolf is heavily wounded.
The wolf bites you. You block the wolf's attack.
Grum hits you from afar with a +1 halberd!
* * * LOW HITPOINT WARNING * * *
You block the wolf's attack. The wolf attacks as you move away!
You block the wolf's attack. The wolf bites you!
* * * LOW HITPOINT WARNING * * *
It was a potion of attraction.
You feel attractive to monsters. The wolf bites you but does no damage.
Grum hits you from afar with a +1 halberd!
You die...

###...# #.# #.#
###)# #.#####.# #.#
#.......# #.#
#..###### #.# #..#
## #######.###..#
#. .............#
#.##########....##
#.).hgh@.........#
#..############...#
#..# ##...# ## #.g#
.#.# .# #..# .....
.# #..# .#>.. .#
#..# ## ###..#
#....#


You could see Grum and 2 wolves.

Vanquished Creatures
  Pikel (D:7)
  Psyche (D:8)
  Sigmund (D:2)
  4 yaks (D:8)
  2 wargs (D:8)
  Duvessa (D:6)
  A water moccasin (D:5)
  2 sky beasts (D:8)
  An ice beast (D:6)
  4 ogres
  4 orc warriors
  A wolf (D:8)
  2 black bears
  A centaur (D:6)
  7 kobold brigands
  4 phantoms
  3 bullfrogs
  A scorpion (D:4)
  Dowan (D:6)
  5 killer bees (D:8)
  6 orc priests
  A hound (D:4)
  Natasha (thrice) (D:2)
  3 iguanas (D:6)
  5 orc wizards
  Robin (D:2)
  11 adders
  9 gnolls
  2 river rats (Sewer)
  2 shadow imps
  6 worms
  A dart slug (D:3)
  29 orcs
  14 endoplasms
  A giant cockroach (D:6)
  19 goblins
  12 hobgoblins
  4 jackals
  4 quokkas
  12 ball pythons
  5 bats
  2 frilled lizards (D:2)
  11 kobolds
  11 rats
221 creatures vanquished.

Vanquished Creatures (others)
  A gnoll (D:7)
  2 plants (D:8)
3 creatures vanquished.

Grand Total: 224 creatures vanquished

Notes
Turn   | Place    | Note
-------+----------+-------------------------------------------
     0 | D:1      | NateTC the Gargoyle Fighter began the quest for the Orb.
     0 | D:1      | Reached XP level 1. HP: 14/14 MP: 1/1
    81 | D:1      | Reached XP level 2. HP: 11/20 MP: 2/2
   592 | D:1      | Reached XP level 3. HP: 24/24 MP: 3/3
   981 | D:2      | Noticed Sigmund
   993 | D:2      | Killed Sigmund
   994 | D:2      | Reached skill level 4 in Armour
   994 | D:2      | Reached skill level 5 in Shields
   994 | D:2      | Reached XP level 4. HP: 19/30 MP: 4/4
   994 | D:2      | Reached XP level 5. HP: 22/34 MP: 5/5
  1228 | D:2      | Reached XP level 6. HP: 23/39 MP: 6/6
  1280 | D:2      | Noticed Robin
  1306 | D:2      | HP: 1/39 [Robin/+0 trident (2)]
  1309 | D:2      | Killed Robin
  1542 | D:2      | Found a runed translucent door.
  1543 | D:2      | Noticed Crazy Yiuf
  1681 | D:2      | Noticed Natasha
  1694 | D:2      | Killed Natasha
  1759 | D:2      | Found Aboanyh's Antique Weapon Emporium.
  1873 | D:2      | Noticed Natasha
  1886 | D:2      | Killed Natasha
  2296 | D:3      | Found a hazy altar of Hepliaklqana.
  2300 | D:3      | Found a radiant altar of Vehumet.
  2986 | D:3      | Found a basalt altar of Yredelemnul.
  3081 | D:2      | Bought a morningstar for 100 gold pieces
  3119 | D:2      | Noticed Natasha
  3135 | D:2      | Killed Natasha
  3323 | D:4      | Noticed an orc warrior
  3383 | D:3      | Killed an orc warrior
  3384 | D:3      | Reached XP level 7. HP: 14/44 MP: 7/7
  3689 | D:4      | Reached skill level 5 in Maces & Flails
  3920 | D:4      | Reached XP level 8. HP: 46/48 MP: 8/8
  4345 | D:5      | Entered Level 5 of the Dungeon
  4345 | D:5      | Found a staircase to the Ecumenical Temple.
  4353 | Temple   | Entered the Ecumenical Temple
  4460 | Temple   | Became a worshipper of Warmaster Okawaru
  4509 | D:5      | Found a burning altar of Makhleb.
  4514 | D:5      | Found a glowing silver altar of Zin.
  4514 | D:5      | Noticed an Executioner
  4514 | D:5      | Noticed an angel
  4649 | D:5      | Found a transporter.
  4661 | D:5      | Found a transporter.
  4708 | D:5      | Found a blossoming altar of Fedhas.
  4997 | D:5      | Reached skill level 5 in Fighting
  5127 | D:5      | Found a shimmering blue altar of Sif Muna.
  5195 | D:5      | Reached * piety under Okawaru
  5682 | D:5      | Found a shadowy altar of Dithmenos.
  5756 | D:6      | Noticed Duvessa
  5757 | D:6      | Noticed Dowan
  5769 | D:6      | Killed Duvessa
  5770 | D:6      | Reached skill level 5 in Armour
  5773 | D:6      | Killed Dowan
  5919 | D:6      | Reached skill level 6 in Armour
  5938 | D:6      | Reached XP level 9. HP: 50/55 MP: 9/9
  6033 | D:6      | Found a glowing drain.
  6055 | Sewer    | Entered a sewer
  6306 | Sewer    | Reached skill level 7 in Armour
  6503 | Sewer    | Reached ** piety under Okawaru
  6978 | D:6      | Reached skill level 8 in Armour
  7700 | D:7      | Noticed Maggie
  7723 | D:7      | Noticed Pikel
  7731 | D:7      | Killed Pikel
  7731 | D:7      | Reached *** piety under Okawaru
  7732 | D:7      | Reached skill level 9 in Armour
  7857 | D:7      | Reached XP level 10. HP: 40/64 MP: 10/10
  8089 | D:8      | Noticed Psyche
  8159 | D:8      | Killed Psyche
  8160 | D:8      | Reached skill level 1 in Evocations
  8407 | D:8      | Found a staircase to the Lair.
  8524 | D:8      | Reached **** piety under Okawaru
  9269 | D:8      | Found a sparkling altar of Nemelex Xobeh.
  9276 | D:8      | Noticed Grum
  9331 | D:8      | HP: 2/64 [wolf[Grum] (7)]
  9332 | D:8      | Slain by Grum

Illustrated notes

Levels and vault maps discovered:
D:1:      mushboom_english_gardens, layout_loops_ring
D:2:      minmay_inner_zag, layout_basic, serial_shops, shop_statue,
          supply_closet_lemuel, minmay_quantized, uniq_robin, uniq_sigmund,
          uniq_natasha, uniq_crazy_yiuf_cottage
D:3:      layout_loops_ring, nicolae_overflow_hidden_temple
D:4:      layout_loops_ring, st_stairs_8, chequers_serial_rivers_large_b,
          hangedman_feature_mirror, guppyfry_early_orc_mine
D:5:      gammafunk_wand_slinger, layout_cave_pods,
          grunt_temple_overflow_order_and_chaos_2, fedhas_altar_3,
          mainiacjoe_overflow_cross_hatched, nicolae_sif_muna_little_library,
          minmay_temple_entry_drinking_statues, fountainhead, st_stairs_3,
          grunt_ministairs_11, mrwooster_statue_mirror
D:6:      layout_basic, portal_sewer_entry_a, uniq_duvessa
D:7:      layout_loops_cross, uniq_pikel, uniq_maggie
D:8:      layout_basic, old_standard_altar, erik_lair_orcish_takeover,
          uniq_grum, uniq_psyche
D:9:      layout_roguey, grunt_temple_overflow_cloverleaf,
          nicolae_shop_overcharged_wands, uniq_maurice, uniq_prince_ribbit1
Temple:   kb_corrupted_temple

Skill      XL: |  1  2  3  4  5  6  7  8  9 10 |
---------------+-------------------------------+-----
Fighting       | 4 6 7 8 |  8.2
Armour         | 4 6 9 |  9.3
Shields        | 5 6 8 |  8.6
Maces & Flails | 3 6 7 8 |  8.4
Evocations     | 2 |  2.9

Action                     |  1- 3 |  4- 6 |  7- 9 | 10-12 || total
---------------------------+-------+-------+-------+-------++-------
  Melee: Flail             |    92 |   168 |       |       ||   260
         Morningstar       |       |    35 |   484 |   231 ||   750
         Unarmed           |       |       |       |    26 ||    26
 Invoke: Heroism           |       |       |       |     2 ||     2
    Use: Scroll            |     1 |     7 |     8 |     2 ||    18
         Potion            |       |     2 |     6 |     4 ||    12
   Stab: Paralysed         |       |       |       |     1 ||     1
 Armour: Scale mail        |    36 |   143 |    56 |       ||   235
         Plate armour      |       |       |   289 |   231 ||   520
  Dodge: Dodged            |    38 |    92 |    62 |    57 ||   249
  Block: Buckler           |    12 |    39 |       |       ||    51
         Tower shield      |       |   121 |   394 |   293 ||   808

Table legend: (Time is in decaauts)
 A = Elapsed time spent in this place.
 B = Non-inter-level travel time spent in this place.
 C = Inter-level travel time spent in this place.
 D = Time resting spent in this place.
 E = Time spent auto-exploring this place.
 F = Levels seen in this place.
 G = Mean time per level.
                   A        B        C        D        E       F      G
               +--------+--------+--------+--------+--------+-----+--------+
         Total |   9977 |   9443 |    534 |   1316 |   5101 |  11 |  907.0 |
       Dungeon |   8850 |   8353 |    497 |   1316 |   4382 |   9 |  983.3 |
        Temple |    125 |     89 |     36 |      0 |     74 |   1 |  125.0 |
         Sewer |   1001 |   1001 |      0 |      0 |    645 |   1 | 1001.0 |
               +--------+--------+--------+--------+--------+-----+--------+

Top non-repeatable levels by time:
     D:2: 1619 daAuts
     D:8: 1346 daAuts
     D:5: 1323 daAuts
     D:6: 1116 daAuts
     D:3: 1053 daAuts
     D:4: 1041 daAuts
   Sewer: 1001 daAuts
     D:1: 857 daAuts
     D:7: 489 daAuts
  Temple: 125 daAuts
     D:9: 1 daAuts
